 Dungeon Crawl Stone Soup version 0.25.0-9-g26727b657a (webtiles) character file.

Game seed: 2229376958388937461

63 xccam the Scratcher (level 3, -5/17 HPs)
             Began as a Felid Abyssal Knight on June 21, 2020.
             Was a Follower of Lugonu.
             Shot with a stone by a goblin (7 damage)
             ... led by Robin
             ... on level 2 of the Dungeon.
             The game lasted 00:02:16 (2459 turns).

xccam the Scratcher (Felid Abyssal Knight)          Turns: 2459, Time: 00:02:17

Health: -5/17      AC:  1    Str:  9    XL:     3   Next: 89%
Magic:  5/5        EV: 18    Int: 13    God:    Lugonu [*.....]
Gold:   82         SH:  0    Dex: 15    Spells: 2/2 levels left
                                        Lives:  0   Deaths: 0

rFire    . . .     SeeInvis +     - Unarmed
rCold    . . .     Gourm    .   (shield unavailable)
rNeg     . . .     Faith    .   (armour unavailable)
rPois    .         Spirit   .   (helmet unavailable)
rElec    .         Reflect  .   (cloak unavailable)
rCorr    .         Harm     .   (gloves unavailable)
MR       .....                  (boots unavailable)
Stlth    ++........             (no amulet)
HPRegen  0.05/turn              (no ring)
MPRegen  0.09/turn              (no ring)

@: quick
A: very small, no armour, no weapons or thrown items, stealth, claws 1, fangs 3,
see invisible, carnivore, speed 1, shaggy fur 1, slow metabolism 1, sharp paws
a: Depart the Abyss, Renounce Religion


You were on level 2 of the Dungeon.
You worshipped Lugonu.
Lugonu was aware of your devotion.
You were completely stuffed.

You visited 1 branch of the dungeon, and saw 2 of its levels.
You visited the Abyss 1 time.

You collected 82 gold pieces.

Inventory:

Jewellery
 f - an uncursed ring of fire
 i - a +4 ring of evasion {unknown}
Scrolls
 b - 2 scrolls of teleportation {unknown}
 c - a scroll of identify {unknown}
 e - a scroll of magic mapping {unknown}
 g - a scroll of enchant weapon {unknown}
Potions
 d - a potion of might {unknown}
Comestibles
 a - 3 rations
 h - 3 chunks of flesh


   Skills:
 - Level 3.0 Fighting
 - Level 3.2 Dodging
 + Level 4.2 Unarmed Combat
 - Level 1.7 Invocations


You had 2 spell levels left.
You didn't know any spells.
Your spell library contained the following spells:

 Spells                   Type           Power        Failure   Level  Hunger
 Confusing Touch          Hex            #.......     67%         3    ####...
 Gell's Gravitas          Tloc           #.........   67%         3    ####...
 Petrify                  Tmut/Erth      #.......     97%         4    #####..
 Metabolic Englaciation   Hex/Ice        #.........   100%        5    ######.
 Yara's Violent Unravell  Hex/Tmut       #.........   100%        5    ######.


Dungeon Overview and Level Annotations

Branches:
Dungeon (2/15)

Altars:
Xom
Yredelemnul


Innate Abilities, Weirdness & Mutations

You cannot wear armour.
You are incapable of wielding weapons or throwing items.
Your paws allow you to move quietly. (Stealth)
You have sharp claws.
You have razor-sharp teeth.
You have supernaturally acute eyesight. (SInv)
You are carnivorous and can eat meat at any time.
You cover ground quickly.
You are covered in fur. (AC +1)
You have a slow metabolism.
Your sharp claws are effective at attacking unaware monsters.


Message History

Lugonu accepts your kill.
The goblin shoots a stone.
The stone barely misses you.
Items here: )) †† a +0 dagger x2; a goblin corpse x2
You start resting.
The goblin is too close now for your liking.
The goblin shoots a stone.
The stone misses you.
Items here: ( )) †† a stone; a +0 dagger x2; a goblin corpse x2
The goblin shoots a stone.
The stone misses you.
Items here: ( )) †† 2 stones; a +0 dagger x2; a goblin corpse x2
You scratch the hobgoblin.
The hobgoblin is severely wounded.
The hobgoblin hits you.
* * * LOW HITPOINT WARNING * * *
You closely miss the hobgoblin.
The hobgoblin is severely wounded.
The goblin shoots a stone.
The stone hits you!
You die...

###
######################
..#
###.....................
..######
#...###########.....####
..'...(# #...#g(g#
#.....#
..####.###...#)#@#
####### ..#
#......#.#.#.# ###
#......#.#g#.#
#####.###..#.#g#.#
........#..#.#÷#.#
#####.#)#..#.#.#.#
#.#.#..#+#'#'#### #
#.#.#...........# #
#.#.#...........#


You could see a hobgoblin and a goblin.

Vanquished Creatures
  Robin (D:2)
  A gnoll (D:1)
  2 dart slugs
  A leopard gecko (D:1)
  6 bats
  A giant cockroach (D:1)
  11 goblins
  3 hobgoblins
  A quokka (D:2)
  A frilled lizard (D:1)
  3 kobolds
  7 rats
38 creatures vanquished.

Notes
Turn   | Place    | Note
-------+----------+-------------------------------------------
     0 | Abyss:1  | xccam the Felid Abyssal Knight began the quest for the Orb.
     0 | Abyss:1  | Reached XP level 1. HP: 10/10 MP: 3/3
    29 | Abyss:1  | Noticed an orange demon
    31 | D:1      | Escaped the Abyss
   262 | D:1      | Reached XP level 2. HP: 3/14 MP: 4/4
   526 | D:1      | Found a shimmering altar of Xom.
   554 | D:1      | Reached skill level 3 in Unarmed Combat
   557 | D:1      | Reached * piety under Lugonu
   870 | D:1      | Reached XP level 3. HP: 17/17 MP: 5/5
  1898 | D:2      | Found a basalt altar of Yredelemnul.
  2416 | D:2      | Noticed Robin
  2436 | D:2      | Killed Robin
  2436 | D:2      | Reached skill level 4 in Unarmed Combat
  2459 | D:2      | Shot with a stone by a goblin

Illustrated notes

Levels and vault maps discovered:
D:1:      erik_arrival_triangle_huge, layout_basic, grunt_decor_resistance,
          xom_teletrap_fun
D:2:      layout_basic, old_standard_altar, first_ration, uniq_robin

Skill      XL: |  1  2  3 |
---------------+----------+-----
Unarmed Combat | 3 4 |  4.2
Fighting       | |  3.0
Dodging        | |  3.2
Invocations    | |  1.7

Action                   || total
-------------------------++-------
Melee: Unarmed           ||    92
       Bite              ||     7
       Punch             ||     3
Invok: Depart the Abyss  ||     1
 Stab: Sleeping          ||     4
  Eat: Chunk             ||    10
Armor: Skin              ||     3
Dodge: Dodged            ||    77
